 Dungeon Crawl Stone Soup version 0.18-a0-1203-gbde16db (webtiles) character file.

12017 namelastname112 the Cleaver (level 11, -15/87 HPs)
             Began as a Demonspawn Skald on Feb 2, 2016.
             Was an Initiate of Gozag.
             Demolished by a polar bear (26 damage)
             ... in an ice cave.
             The game lasted 00:30:03 (14082 turns).

namelastname112 the Cleaver (Demonspawn Skald)     Turns: 14082, Time: 00:30:03

Health: -15/87     AC: 16    Str: 16    XL:     11   Next: 56%
Magic:  14/14      EV: 14    Int: 13    God:    Gozag
Gold:   2178       SH:  0    Dex: 11    Spells: 1 memorised, 13 levels left

rFire  . . .     SeeInvis .     r - +0 war axe
rCold  + . .     Gourm    .     s - +0 ring mail
rNeg   . . .     Faith    .     (no shield)
rPois  .         Spirit   .     (helmet restricted)
rElec  .         Dismiss  .     (no cloak)
rCorr  .         Reflect  .     f - +0 pair of gloves
SustAt .         Harm     .     i - +0 pair of boots
MR     +....                    h - amulet of rage
Stlth  +.........               q - ring of protection from magic
                                l - ring of protection from cold

@: somewhat resistant to hostile enchantments, very unstealthy
A: horns 2, rough black scales 2, demonic guardian 1, powered by pain 2
a: Potion Petition, Call Merchant, Bribe Branch, Renounce Religion, Evoke
Berserk Rage


You were in an ice cave.
You worshipped Gozag.
Gozag was noncommittal.
You were full.

You visited 1 branch of the dungeon, and saw 11 of its levels.
You also visited: Bailey and Ice Cave.

You collected 2225 gold pieces.
You paid 47 gold pieces to Gozag.

Inventory:

Hand Weapons
 r - a +0 war axe (weapon)
Armour
 b - a +0 shield of fire resistance
 f - a +0 pair of gloves (worn)
 i - a +0 pair of boots (worn)
 s - a +0 ring mail (worn)
Jewellery
 h - an amulet of rage (around neck)
 l - a ring of protection from cold (left hand)
 n - an uncursed ring of fire
 q - a ring of protection from magic (right hand)
 F - an uncursed ring of resist corrosion
Wands
 u - a wand of slowing (25/48)
 y - a wand of slowing (48/48)
 D - a wand of confusion (13/48)
Scrolls
 g - a scroll of remove curse
 k - 3 scrolls of magic mapping
 o - 4 scrolls of teleportation
 t - 2 scrolls of identify
 E - a scroll of recharging
 H - 3 scrolls of enchant weapon
Potions
 j - 6 potions of curing
 w - a potion of haste
 x - 3 potions of agility
 z - 2 potions of cancellation
 A - a potion of berserk rage {unknown}
Books
 c - a book of Battle

   Spells                             Type                      Level
   a - Infusion                       Charms                       1
   b - Shroud of Golubria             Charms/Translocation         2
   c - Song of Slaying                Charms                       2
   d - Spectral Weapon                Hexes/Charms                 3
   e - Regeneration                   Charms/Necromancy            3
 B - a book of Flames

   Spells                             Type                      Level
   a - Flame Tongue                   Conjuration/Fire             1
   b - Throw Flame                    Conjuration/Fire             2
   c - Conjure Flame                  Conjuration/Fire             3
   d - Inner Flame                    Hexes/Fire                   3
   e - Sticky Flame                   Conjuration/Fire             4
   f - Fireball                       Conjuration/Fire             5
 C - a book of Fire

   Spells                             Type                      Level
   a - Ignite Poison                  Fire/Transmutation/Poison    3
   b - Fireball                       Conjuration/Fire             5
   c - Bolt of Fire                   Conjuration/Fire             6
   d - Delayed Fireball               Conjuration/Fire             7
   e - Ring of Flames                 Charms/Fire                  7
Comestibles
 a - a royal jelly
 d - 8 bread rations
 m - 4 meat rations


   Skills:
 + Level 8.6 Fighting
 * Level 10.8 Axes
 + Level 7.8 Armour
 + Level 7.7 Dodging
 - Level 2.0 Spellcasting
 - Level 2.6 Charms


You had 13 spell levels left.
You knew the following spells:

 Your Spells              Type           Power        Failure   Level  Hunger
a - Infusion              Chrm           #...         17%         1    ##.....


Dungeon Overview and Level Annotations

Branches:
Dungeon (11/15)            Temple (0/1) D:6            Lair (0/8) D:8
    Orc: D:9-12

Altars:
Cheibriados
Elyvilon
Fedhas
Gozag
Kikubaaqudgha
Makhleb
Nemelex Xobeh
Okawaru
Pakellas
Ru
Trog
Xom
Yredelemnul

Shops:
D:5 [   D:9 (


Innate Abilities, Weirdness & Mutations

You have a pair of horns on your head.
You are mostly covered in rough black scales (AC +7, Dex -2).
A weak demonic guardian rushes to your aid.
You sometimes gain power by taking damage.


Message History

Unknown command.
You barely miss the polar bear.
The polar bear is almost dead.
The polar bear bites you!
* * * LOW HITPOINT WARNING * * *
The polar bear claws you.
* * * LOW HITPOINT WARNING * * *
The polar bear claws you.
* * * LOW HITPOINT WARNING * * *
Read which item? (? for menu, Esc to quit)
Okay, then.
Drink which item? (? for menu, Esc to quit)
Okay, then.
Drink which item? (? for menu, Esc to quit)
You feel better. The polar bear closely misses you.
The polar bear barely misses you.
The polar bear claws you but does no damage.
The polar bear bites you!!
You die...
Your body crumbles into a pile of gold.

#h.#
##.....##..
##.#
##......##..
#.##
#..##.....#.
#..#
##.###.......
##.## #..#
##...... #..#
#.## #......
#..## ##..#
##..... ##.h#
#..## #....#
#.@###..#
##..##
##..##..#
#### #..#..##
##...## #..##
####


You could see a polar bear (berserk).

Vanquished Creatures
  Pikel (D:9)
  An ice statue (IceCv)
  2 trolls (D:9)
  Grinder (D:3)
  9 polar bears (IceCv)
  A human (D:7)
  7 yaks
  4 hippogriffs
  A mottled dragon (D:11)
  6 wolves (IceCv)
  The ghost of Gagarin the Gusty, an amateur HEAE (D:3)
  8 ice beasts (D:11)
  A water moccasin (D:10)
  2 sky beasts
  3 black bears
  4 orc warriors
  A slave (D:9)
  4 ogres
  A phantom (D:5)
  6 centaurs
  A crocodile (D:10)
  Blork the orc (D:4)
  2 big kobolds
  5 giant frogs
  4 scorpions
  A wyvern skeleton (D:8)
  7 killer bees (D:9)
  5 wights (D:7)
  2 crimson imps
  2 jellies
  A quasit (D:10)
  A centaur zombie (D:5)
  A gnoll shaman (D:9)
  A hound (D:9)
  An orc priest (D:6)
  3 giant frog skeletons
  Jessica (D:2)
  2 iguanas
  11 orc wizards
  9 worker ants
  Natasha (thrice) (D:2)
  2 sheep (D:7)
  A worker ant zombie (D:9)
  Robin (D:3)
  11 gnolls
  18 adders
  3 shadow imps
  An ooze (D:2)
  3 adder skeletons
  6 worms
  8 giant geckos
  19 orcs
  2 ball pythons (D:3)
  6 bats
  7 giant cockroaches
  15 goblins
  15 hobgoblins
  10 jackals
  6 quokkas
  4 giant gecko skeletons
  8 giant newts
  22 kobolds
  8 rats
  2 rat zombies (D:2)
  A fungus (D:8)
307 creatures vanquished.

Vanquished Creatures (collateral kills)
  A hill giant (D:10)
  A gargoyle (D:10)
  A yak (IceCv)
  Menkaure (D:5)
  A wolf (IceCv)
  2 necrophages
  A giant frog (D:8)
  A killer bee (D:9)
  A hound (D:8)
  A sheep (D:7)
  A gnoll (D:3)
  An orc (D:8)
  A quokka (D:8)
  A giant newt (D:2)
15 creatures vanquished.

Vanquished Creatures (others)
  2 slaves (D:9)
2 creatures vanquished.

Grand Total: 324 creatures vanquished

Notes
Turn   | Place    | Note
--------------------------------------------------------------
     0 | D:1      | namelastname112 the Demonspawn Skald began the quest for the Orb.
     0 | D:1      | Reached XP level 1. HP: 16/16 MP: 3/3
    56 | D:1      | Reached skill level 1 in Armour
   302 | D:1      | Reached skill level 1 in Dodging
   388 | D:1      | Gained mutation: You are partially covered in rough black scales (AC +4, Dex -1). [demonic ancestry]
   388 | D:1      | Reached XP level 2. HP: 16/22 MP: 5/5
  1088 | D:2      | Gained mutation: You sometimes gain a little power by taking damage. [demonic ancestry]
  1088 | D:2      | Reached XP level 3. HP: 28/28 MP: 6/6
  1342 | D:2      | Noticed Natasha
  1352 | D:2      | Killed Natasha
  1352 | D:2      | Gained mutation: You have a pair of small horns on your head. [demonic ancestry]
  1352 | D:2      | Reached XP level 4. HP: 7/34 MP: 7/7
  1450 | D:2      | Noticed Natasha
  1519 | D:2      | Found a sparkling altar of Nemelex Xobeh.
  1533 | D:2      | Killed Natasha
  1779 | D:2      | Found an ancient bone altar of Kikubaaqudgha.
  1819 | D:2      | Noticed Jessica
  1826 | D:2      | Killed Jessica
  1826 | D:2      | Reached skill level 3 in Fighting
  1826 | D:2      | Gained mutation: A weak demonic guardian rushes to your aid. [demonic ancestry]
  1826 | D:2      | Reached XP level 5. HP: 39/41 MP: 8/8
  1875 | D:2      | Found a burning altar of Makhleb.
  2054 | D:2      | Noticed Natasha
  2063 | D:2      | Killed Natasha
  2252 | D:3      | Noticed Grinder
  2261 | D:3      | Killed Grinder
  2261 | D:3      | Gained mutation: You sometimes gain power by taking damage. [demonic ancestry]
  2261 | D:3      | Reached XP level 6. HP: 19/48 MP: 9/9
  2263 | D:3      | Noticed Gagarin's ghost (amateur HEAE)
  2591 | D:3      | Noticed Robin
  2597 | D:3      | Killed Robin
  2609 | D:3      | Reached skill level 4 in Axes
  2815 | D:3      | Gained mutation: You are mostly covered in rough black scales (AC +7, Dex -2). [demonic ancestry]
  2815 | D:3      | Reached XP level 7. HP: 34/53 MP: 10/10
  2967 | D:3      | Killed Gagarin's ghost
  3059 | D:3      | Found a sacrificial altar of Ru.
  3196 | D:3      | Found a snail-covered altar of Cheibriados.
  3308 | D:3      | Found an oddly glowing altar of Pakellas.
  3313 | D:3      | Found a shimmering altar of Xom.
  3315 | D:3      | Found a sparkling altar of Nemelex Xobeh.
  3473 | D:3      | Found an opulent altar of Gozag.
  3501 | D:3      | Became a worshipper of Gozag Ym Sagoz the Greedy
  3760 | D:4      | Noticed Blork the orc
  3778 | D:4      | Killed Blork the orc
  3778 | D:4      | Reached skill level 5 in Axes
  4263 | D:4      | Found a basalt altar of Yredelemnul.
  4315 | D:4      | Found a white marble altar of Elyvilon.
  4376 | D:4      | Found an iron altar of Okawaru.
  4499 | D:5      | Entered Level 5 of the Dungeon
  4692 | D:5      | Noticed Menkaure
  4732 | D:5      | Killed Menkaure
  4737 | D:5      | Reached XP level 8. HP: 22/61 MP: 11/11
  5078 | D:5      | Found Qyfix's Armour Emporium.
  5318 | D:5      | Reached skill level 6 in Axes
  5475 | D:6      | Reached skill level 5 in Fighting
  5571 | D:6      | Found a staircase to the Ecumenical Temple.
  6088 | D:6      | Found a bloodstained altar of Trog.
  6583 | D:7      | Reached XP level 9. HP: 68/68 MP: 12/12
  6592 | D:7      | Reached skill level 7 in Axes
  6937 | D:7      | Reached skill level 5 in Armour
  6946 | D:7      | Reached skill level 5 in Dodging
  7855 | D:7      | Found a blossoming altar of Fedhas.
  7966 | D:8      | Reached skill level 8 in Axes
  8493 | D:8      | Found a staircase to the Lair.
  8524 | D:8      | Reached XP level 10. HP: 68/77 MP: 13/13
  8880 | D:8      | Found a sparkling altar of Nemelex Xobeh.
  9067 | D:9      | Found Kuedi's Weapon Boutique.
  9193 | D:9      | Found a flagged portal.
  9282 | Bailey   | Entered a bailey
  9870 | D:9      | HP: 2/78 [troll (7)]
  9944 | D:10     | Entered Level 10 of the Dungeon
 10212 | D:9      | Reached skill level 9 in Axes
 10255 | D:9      | Noticed Pikel
 10639 | D:9      | Killed Pikel
 11861 | D:10     | Found a bloodstained altar of Trog.
 12069 | D:10     | Noticed a gargoyle
 12071 | D:10     | Noticed a hill giant
 12078 | D:10     | Killed a gargoyle
 12082 | D:10     | Killed a hill giant
 12523 | D:11     | Found a frozen archway.
 12540 | D:11     | Gained mutation: You have a pair of horns on your head. [demonic ancestry]
 12540 | D:11     | Reached XP level 11. HP: 62/85 MP: 14/14
 12544 | D:11     | Reached skill level 10 in Axes
 12573 | IceCv    | Entered an ice cave
 14081 | IceCv    | HP: 1/87 [polar bear (4)]
 14082 | IceCv    | Demolished by a polar bear

Vault maps used:
D:1:      roderic_crossed_star, minmay_misc_feat_chi, serial_bayou_lake_a
D:2:      marbit_many_paths, lemuel_zombie_altar_kikubaaqudgha,
          nemelex_dance_club_becter, uniq_natasha, uniq_jessica
D:3:      old_standard_altar, lemuel_round_altar, grunt_temple_overflow_diamond,
          nicolae_overflow_crystal_walls, st_stairs_5, grunt_ministairs_5,
          uniq_grinder, uniq_robin
D:4:      kennysheep_ying_yang, okawaru_altar_gauntlet_db, first_bread,
          uniq_blork_the_orc
D:5:      serial_shops, shop, uniq_menkaure
D:6:      kennysheep_little_box, minmay_temple_entry_statues_pillars
D:7:      grunt_livestock, fedhas_altar_4
D:8:      dpeg_oklobed_lair, nemelex_diamond_rough_becter
D:9:      serial_shops, shop, enter_bailey_8, uniq_pikel
D:10:     serial_column_ruins, column_ruins_temple_circle,
          column_ruins_open_small, column_ruins_grid_1, column_ruins_open_tiny,
          column_ruins_columns_corner, column_ruins_columns_corner
D:11:     portal_ice_cave_entry_ice_beasts, basic_altar, onia_ninara_cookie,
          uniq_maurice
Bailey:   bailey_polearm_flooded_kennysheep, bailey
IceCv:    ice_cave_small_giant

Action                   |  1- 3 |  4- 6 |  7- 9 | 10-12 || total
-------------------------+-------+-------+-------+-------++-------
Melee: Spear             |   110 |   168 |   187 |       ||   465
       Hand axe          |    12 |       |       |       ||    12
       Trident           |       |       |    87 |       ||    87
       War axe           |       |       |   251 |   577 ||   828
       Unarmed           |       |       |       |     6 ||     6
 Cast: Infusion          |       |       |       |     1 ||     1
 Abil: Evoke Berserk Rag |       |       |     1 |     5 ||     6
Evoke: Wand              |       |       |     2 |     6 ||     8
  Use: Potion            |       |     1 |       |     9 ||    10
       Scroll            |       |       |     9 |     7 ||    16
 Stab: Distracted        |       |     1 |     4 |     9 ||    14
       Sleeping          |       |     1 |       |       ||     1
  Eat: Chunk             |     2 |     5 |     2 |       ||     9
       Pizza             |       |       |     7 |     2 ||     9
       Meat ration       |       |       |     2 |     2 ||     4
       Beef jerky        |       |       |     1 |     2 ||     3
       Royal jelly       |       |       |     1 |       ||     1
       Fruit             |       |       |       |     4 ||     4
